Wranglers vs Barracuda
Created - May 15, 2024 at 21:14
Goals
|
| Wranglers |
2 |
0 |
2 |
4 |
| Barracuda |
1 |
0 |
0 |
1 |
|
Shots
|
| Wranglers |
9 |
20 |
10 |
39 |
| Barracuda |
8 |
12 |
10 |
30 |
|
1st period
1. Wranglers , Evgeny Svechnikov 3 (Peter Cehlarik 3, Nico Sturm 2) at 5:09 (PP)
2. Barracuda , Emil Pettersson 2 (William Carrier 3) at 10:46 (PP)
3. Wranglers , Evgeny Svechnikov 4 (Peter Cehlarik 4) at 19:45
Penalties :
Jordan Gross (S.J) for Interference (Minor) at 1:09, Kyle Platzer (S.J) for Tripping (Minor) at 4:58, Peter Cehlarik (Cal) for Tripping (Minor) at 10:34, Vitali Kravtsov (Cal) for Tripping (Minor) at 18:51, Mario Lucia (S.J) for Roughing (Minor) at 19:41
2nd period
No Goal
Penalties :
Vitali Kravtsov (Cal) for Tripping (Minor) at 11:06
3rd period
4. Wranglers , Peter Cehlarik 1 (Petteri Lindbohm 1) at 7:41
5. Wranglers , Ryan Spooner 2 (Erik Brannstrom 1, Eric Karlsson 2) at 13:51
Penalties :
Samuel Groulx (S.J) for Holding (Minor) at 0:17, Erik Brannstrom (Cal) for Tripping (Minor) at 3:59, Erik Brannstrom (Cal) for Tripping (Minor) at 9:16, Peter Cehlarik (Cal) for Tripping (Minor) at 14:56
Goalie Stats
Michael Hutchinson (Cal), 29 saves from 30 shots - (0.967), W, 2-0-0, 60:00 minutes
Joni Ortio (S.J), 35 saves from 39 shots - (0.897), L, 0-2-0, 60:00 minutes
Players Stats for Wranglers
Player Name G A P +/- PIM S H SB GA TA FO MP PP MP PK MP
------------------------------------------------------------------------------------
Barclay Goodrow 0 0 0 0 0 1 3 2 0 0 0/1 17:45 2:11 3:42
Brandon Hickey 0 0 0 0 0 0 2 0 0 0 0/0 21:45 1:56 4:01
Christian Jaros 0 0 0 0 0 0 0 0 0 0 0/0 0:23 0:00 0:00
Eric Karlsson 0 1 1 1 0 2 2 0 0 0 0/0 14:36 0:05 1:30
Erik Brannstrom 0 1 1 2 4 2 1 1 1 0 0/0 19:58 1:56 0:35
Evgeny Svechnikov 2 0 2 2 0 5 2 1 0 0 10/12 22:50 2:43 5:21
Frank Corrado 0 0 0 1 0 6 1 3 0 0 0/0 27:15 3:03 4:01
Jesper Bratt 0 0 0 0 0 4 4 0 0 0 0/0 12:56 2:11 0:45
Nico Sturm 0 1 1 1 0 1 2 0 0 0 15/23 18:07 2:33 1:22
Peter Cehlarik 1 2 3 2 4 5 3 1 1 0 0/2 21:00 2:43 3:43
Petteri Lindbohm 0 1 1 1 0 0 1 0 0 0 0/0 18:12 0:00 4:24
Rasmus Andersson 0 0 0 1 0 4 1 4 0 1 0/0 26:11 3:03 3:59
Ryan Donato 0 0 0 1 0 1 1 1 0 0 3/6 14:03 0:05 1:10
Ryan Spooner 1 0 1 1 0 4 2 0 0 0 4/13 15:24 2:11 0:56
Tage Thompson 0 0 0 0 0 0 1 0 0 0 0/0 8:28 0:00 0:00
Taylor Raddysh 0 0 0 0 0 4 0 1 1 0 0/0 10:30 0:05 0:00
Vitali Kravtsov 0 0 0 1 4 0 1 0 0 0 0/0 11:29 0:10 0:15
Vladislav Kamenev 0 0 0 0 0 0 1 0 0 0 1/4 8:55 0:00 0:08
Players Stats for Barracuda
Player Name G A P +/- PIM S H SB GA TA FO MP PP MP PK MP
------------------------------------------------------------------------------------
Alex Henriksson 0 0 0 -1 0 1 0 1 0 0 0/0 12:28 0:08 0:37
Cole Ully 0 0 0 -2 0 4 2 1 0 0 1/1 12:44 0:11 0:00
Emil Pettersson 1 0 1 -1 0 2 0 1 1 0 16/39 20:44 4:41 2:59
Eric Gustafsson 0 0 0 -1 0 5 0 4 0 0 0/0 26:20 5:07 3:38
Jaedon Descheneau 0 0 0 -2 0 1 0 0 0 1 0/0 12:44 0:11 0:00
Jordan Gross 0 0 0 -1 2 0 0 2 0 0 0/0 13:59 0:00 0:00
Kurtis Macdermid 0 0 0 0 0 4 4 0 0 0 0/0 16:48 4:06 1:21
Kyle Platzer 0 0 0 0 2 1 1 0 0 0 3/4 9:25 0:00 0:21
Logan Stanley 0 0 0 -1 0 0 1 2 0 0 0/0 19:17 3:20 1:21
Mac Hollowell 0 0 0 -1 0 1 0 3 0 0 0/0 14:56 0:31 1:02
Mario Lucia 0 0 0 0 2 0 2 0 0 1 0/0 16:37 4:40 0:00
Nikolai Kovalenko 0 0 0 0 0 0 1 0 0 0 0/0 9:05 0:00 0:00
Noah Gregor 0 0 0 -1 0 1 0 0 0 0 2/6 10:00 0:03 0:00
Robin Norell 0 0 0 -1 0 0 0 1 0 0 0/0 19:57 3:20 2:01
Samuel Groulx 0 0 0 -1 2 1 2 2 0 0 0/0 25:56 5:38 1:56
Theodor Blueger 0 0 0 0 0 7 0 0 0 0 4/8 17:06 4:06 1:39
Thomas Gobeil 0 0 0 0 0 0 1 0 0 0 0/0 15:14 4:06 0:00
William Carrier 0 1 1 -1 0 2 3 1 0 1 2/3 20:28 4:41 3:01
3 Stars
1 - Evgeny Svechnikov (Cal)
2 - Peter Cehlarik (Cal)
3 - Michael Hutchinson (Cal)
Power Play
Wranglers - 1 on 4 Attempt(s) - 25.00%
Barracuda - 1 on 6 Attempt(s) - 16.67%
Penalty Kill
Wranglers - 5 on 6 Attempt(s) - 83.33%
- Score 0 goal in Penalty Kill
Barracuda - 3 on 4 Attempt(s) - 75.00%
- Score 0 goal in Penalty Kill
Team Stat
Wranglers - Hits : 28 - Faceoff Wins : 33 - Blocked Shots : 14 - Penalty Minutes : 12
Barracuda - Hits : 17 - Faceoff Wins : 28 - Blocked Shots : 18 - Penalty Minutes : 8
Official
Referees : Tim Peel and Peter MacDougall
Linesman : Jonny Murray and Derek Amell
Game Notes
Christian Jaros is injured at 3:41 of 1st period (Sprained Right Knee)
Finance
Level 1 -- Attendance: 2000 (100.00%) -- Ticket Income $140,000
Level 2 -- Attendance: 1000 (100.00%) -- Ticket Income $40,000
Total Attendance: 3000 (100.00%)
Total Ticket Income: $180,000
Other Income: $9,000
Total Income: $189,000
Wranglers
5 vs 5 Forward
Center Left Wing Right Wing Time % Phy DF OF
1 Nico Sturm Peter Cehlarik Evgeny Svechnikov 40 1 2 2
2 Ryan Spooner Jesper Bratt Barclay Goodrow 30 1 2 2
3 Ryan Donato Eric Karlsson Taylor Raddysh 20 1 2 2
4 Vladislav Kamenev Vitali Kravtsov Tage Thompson 10 1 2 2
5 vs 5 Defense
Defense Defense Time % Phy DF OF
1 Rasmus Andersson Frank Corrado 40 1 2 2
2 Petteri Lindbohm Christian Jaros 30 1 2 2
3 Brandon Hickey Erik Brannstrom 20 1 2 2
4 Petteri Lindbohm Christian Jaros 10 1 2 2
PowerPlay Forward
Center Left Wing Right Wing Time % Phy DF OF
1 Nico Sturm Peter Cehlarik Evgeny Svechnikov 60 1 2 2
2 Ryan Spooner Jesper Bratt Barclay Goodrow 40 1 2 2
PowerPlay Defense
Defense Defense Time % Phy DF OF
1 Rasmus Andersson Frank Corrado 60 1 2 2
2 Brandon Hickey Erik Brannstrom 40 1 2 2
Penalty Kill 4 Players Forward
Center Wing Time % Phy DF OF
1 Evgeny Svechnikov Peter Cehlarik 60 1 2 2
2 Barclay Goodrow Nico Sturm 40 1 2 2
Penalty Kill 4 Players Defense
Defense Defense Time % Phy DF OF
1 Rasmus Andersson Frank Corrado 60 1 2 2
2 Petteri Lindbohm Christian Jaros 40 1 2 2
Penalty Kill - 3 Players Forward
Forward Time % Phy DF OF
1 Evgeny Svechnikov 60 1 2 2
2 Peter Cehlarik 40 1 2 2
Penalty Kill - 3 Players Defense
Defense Defense Time % Phy DF OF
1 Rasmus Andersson Frank Corrado 60 1 2 2
2 Petteri Lindbohm Christian Jaros 40 1 2 2
4 vs 4 Forward
Center Wing Time % Phy DF OF
1 Evgeny Svechnikov Peter Cehlarik 60 1 2 2
2 Barclay Goodrow Nico Sturm 40 1 2 2
4 vs 4 Defense
Defense Defense Time % Phy DF OF
1 Rasmus Andersson Frank Corrado 60 1 2 2
2 Brandon Hickey Erik Brannstrom 40 1 2 2
Last Minutes Offensive
Center Left Wing Right Wing Defense Defense
Nico Sturm Peter Cehlarik Evgeny Svechnikov Rasmus Andersson Frank Corrado
Last Minutes Defensive
Center Left Wing Right Wing Defense Defense
Nico Sturm Peter Cehlarik Evgeny Svechnikov Rasmus Andersson Frank Corrado
Goaltenders
Starting : Michael Hutchinson
Backup : Vitek Vanecek
Extra Forwards
Normal : Ryan Spooner, Peter Cehlarik, Nico Sturm - PP : Jesper Bratt, Evgeny Svechnikov - PK : Barclay Goodrow
Extra Defensemen
Normal : Brandon Hickey, Erik Brannstrom, Petteri Lindbohm - PP : Erik Brannstrom - PK : Petteri Lindbohm, Christian Jaros
Penalty Shots
Evgeny Svechnikov, Peter Cehlarik, Barclay Goodrow, Nico Sturm, Jesper Bratt
Custom OT Lines Forwards
Evgeny Svechnikov, Peter Cehlarik, Barclay Goodrow, Nico Sturm, Jesper Bratt, Ryan Spooner, Eric Karlsson, Ryan Donato, Taylor Raddysh, Vladislav Kamenev
Custom OT Lines Defensemen
Rasmus Andersson, Frank Corrado, Petteri Lindbohm, Erik Brannstrom, Brandon Hickey
Scratches
Filip Hallander (Healthy), Dominik Masin (Healthy), Skyler Brind'Amour (Healthy), John Gilmour (Healthy), Darren Raddysh (Healthy)
Tim Berni (Healthy), Ivan Chekhovich (Healthy), Trevor Carrick (Healthy), Radim Zohorna (Healthy), Demetrios Koumontzis (Healthy)
Joel Hofer (Healthy), Collin Delia (Healthy)
Barracuda
5 vs 5 Forward
Center Left Wing Right Wing Time % Phy DF OF
1 Emil Pettersson William Carrier Mario Lucia 40 1 2 2
2 Theodor Blueger Kurtis Macdermid Thomas Gobeil 30 1 2 2
3 Noah Gregor Cole Ully Jaedon Descheneau 20 1 2 2
4 Kyle Platzer Alex Henriksson Nikolai Kovalenko 10 1 2 2
5 vs 5 Defense
Defense Defense Time % Phy DF OF
1 Eric Gustafsson Samuel Groulx 40 1 2 2
2 Logan Stanley Robin Norell 30 1 2 2
3 Mac Hollowell Jordan Gross 20 1 2 2
4 Eric Gustafsson Samuel Groulx 10 1 2 2
PowerPlay Forward
Center Left Wing Right Wing Time % Phy DF OF
1 Emil Pettersson William Carrier Mario Lucia 60 1 2 2
2 Theodor Blueger Kurtis Macdermid Thomas Gobeil 40 1 2 2
PowerPlay Defense
Defense Defense Time % Phy DF OF
1 Eric Gustafsson Samuel Groulx 60 1 2 2
2 Logan Stanley Robin Norell 40 1 2 2
Penalty Kill 4 Players Forward
Center Wing Time % Phy DF OF
1 Emil Pettersson William Carrier 60 1 4 0
2 Theodor Blueger Kurtis Macdermid 40 1 4 0
Penalty Kill 4 Players Defense
Defense Defense Time % Phy DF OF
1 Eric Gustafsson Samuel Groulx 60 1 4 0
2 Logan Stanley Robin Norell 40 1 4 0
Penalty Kill - 3 Players Forward
Forward Time % Phy DF OF
1 Emil Pettersson 60 1 4 0
2 Theodor Blueger 40 1 4 0
Penalty Kill - 3 Players Defense
Defense Defense Time % Phy DF OF
1 Eric Gustafsson Samuel Groulx 60 1 4 0
2 Logan Stanley Robin Norell 40 1 4 0
4 vs 4 Forward
Center Wing Time % Phy DF OF
1 Emil Pettersson William Carrier 60 1 2 2
2 Theodor Blueger Kurtis Macdermid 40 1 2 2
4 vs 4 Defense
Defense Defense Time % Phy DF OF
1 Eric Gustafsson Samuel Groulx 60 1 2 2
2 Logan Stanley Robin Norell 40 1 2 2
Last Minutes Offensive
Center Left Wing Right Wing Defense Defense
Emil Pettersson William Carrier Mario Lucia Eric Gustafsson Samuel Groulx
Last Minutes Defensive
Center Left Wing Right Wing Defense Defense
Emil Pettersson William Carrier Mario Lucia Eric Gustafsson Samuel Groulx
Goaltenders
Starting : Joni Ortio
Backup : Joacim Eriksson
Extra Forwards
Normal : Theodor Blueger, Alex Henriksson, Mario Lucia - PP : Theodor Blueger, Alex Henriksson - PK : Theodor Blueger
Extra Defensemen
Normal : Robin Norell, Mac Hollowell, Jordan Gross - PP : Robin Norell - PK : Robin Norell, Mac Hollowell
Penalty Shots
William Carrier, Kurtis Macdermid, Emil Pettersson, Cole Ully, Theodor Blueger
Custom OT Lines Forwards
William Carrier, Kurtis Macdermid, Emil Pettersson, Cole Ully, Theodor Blueger, Alex Henriksson, Mario Lucia, Noah Gregor, Kyle Platzer, Thomas Gobeil
Custom OT Lines Defensemen
Eric Gustafsson, Samuel Groulx, Logan Stanley, Robin Norell, Mac Hollowell
Scratches
Alex Lintuniemi (Healthy), Aleksi Heponiemi (Healthy), Ben Jones (Healthy), Jacob Peterson (Healthy), Scott Reedy (Healthy)
Ryan Merkley (Healthy), Bode Wilde (Healthy), Dennis Cholowski (Healthy), Alexei Toropchenko (Healthy), Kevin Mandolese (Healthy)
% Time on Ice - Wranglers
Lines # - Real PCT - Wanted PCT - Time Play
Normal Forward
1 - 37% - 40% - 16:31
2 - 22% - 30% - 10:00
3 - 22% - 20% - 9:55
4 - 19% - 10% - 8:28
Normal Defense
1 - 39% - 40% - 17:20
2 - 35% - 30% - 15:48
3 - 17% - 20% - 7:39
4 - 9% - 10% - 4:07
PP Forward
1 - 56% - 60% - 2:48
2 - 44% - 40% - 2:11
PP Defense
1 - 61% - 60% - 3:03
2 - 39% - 40% - 1:56
PK Forward
1 - 85% - 60% - 7:36
2 - 15% - 40% - 1:22
PK Defense
1 - 42% - 60% - 3:45
2 - 58% - 40% - 5:13
PK3 Forward
1 - 0% - 60%
2 - 0% - 40%
PK3 Defense
1 - 0% - 60%
2 - 0% - 40%
44 Forward
1 - 83% - 60% - 0:57
2 - 17% - 40% - 0:12
44 Defense
1 - 91% - 60% - 1:03
2 - 9% - 40% - 0:06
Last Minute Offensive - 0:00
Last Minute Defensive - 0:00
Total
Forward - 60:00
Defense - 60:00
|
% Time on Ice - Barracuda
Lines # - Real PCT - Wanted PCT - Time Play
Normal Forward
1 - 34% - 40% - 15:03
2 - 25% - 30% - 11:08
3 - 21% - 20% - 9:38
4 - 20% - 10% - 9:05
Normal Defense
1 - 37% - 40% - 16:27
2 - 32% - 30% - 14:20
3 - 29% - 20% - 13:05
4 - 2% - 10% - 1:02
PP Forward
1 - 54% - 60% - 4:52
2 - 46% - 40% - 4:06
PP Defense
1 - 63% - 60% - 5:38
2 - 37% - 40% - 3:20
PK Forward
1 - 73% - 60% - 3:38
2 - 27% - 40% - 1:21
PK Defense
1 - 73% - 60% - 3:38
2 - 27% - 40% - 1:21
PK3 Forward
1 - 0% - 60%
2 - 0% - 40%
PK3 Defense
1 - 0% - 60%
2 - 0% - 40%
44 Forward
1 - 81% - 60% - 0:56
2 - 19% - 40% - 0:13
44 Defense
1 - 77% - 60% - 0:53
2 - 23% - 40% - 0:16
Last Minute Offensive - 0:00
Last Minute Defensive - 0:00
Total
Forward - 60:00
Defense - 60:00
|
Play-by-Play
1st period
0:01 of 1st period - Emil Pettersson wins face-off versus Nico Sturm in neutral zone.
0:30 of 1st period - Wrist shot by Jesper Bratt.
0:30 of 1st period - Shot Misses the Net.
0:32 of 1st period - Snap shot by Jesper Bratt.
0:32 of 1st period - Shot Misses the Net.
0:34 of 1st period - Snap shot by Rasmus Andersson.
0:34 of 1st period - Stopped by Joni Ortio without a rebound.
0:35 of 1st period - Ryan Donato wins face-off versus Noah Gregor in Barracuda zone.
0:49 of 1st period - Off-side.
0:50 of 1st period - Kyle Platzer wins face-off versus Vladislav Kamenev in neutral zone.
1:09 of 1st period - Minor Penalty to Jordan Gross for Interference.
1:10 of 1st period - Nico Sturm wins face-off versus Emil Pettersson in Barracuda zone.
1:22 of 1st period - Snap shot by Evgeny Svechnikov.
1:22 of 1st period - Shot Misses the Net.
1:24 of 1st period - Slapshot by Rasmus Andersson.
1:24 of 1st period - Stopped by Joni Ortio without a rebound.
1:25 of 1st period - Emil Pettersson wins face-off versus Ryan Spooner in Barracuda zone.
1:25 of 1st period - Emil Pettersson is hit by Rasmus Andersson.
3:09 of 1st period - Penalty to Jordan Gross is over, Jordan Gross is back on ice.
3:21 of 1st period - Rasmus Andersson is hit by Cole Ully and loses puck.
3:30 of 1st period - Snap shot by Rasmus Andersson.
3:30 of 1st period - Shot Blocked by Mac Hollowell.
3:40 of 1st period - Christian Jaros is hit by Nikolai Kovalenko and loses puck.
3:41 of 1st period - Christian Jaros from Wranglers is injured at 3:41 of 1st period (Sprained Right Knee).
3:42 of 1st period - Emil Pettersson wins face-off versus Nico Sturm in Wranglers zone.
4:34 of 1st period - Eric Gustafsson is hit by Ryan Donato and loses puck.
4:58 of 1st period - Minor Penalty to Kyle Platzer for Tripping.
4:59 of 1st period - Nico Sturm wins face-off versus Emil Pettersson in Barracuda zone.
5:07 of 1st period - Backhand shot by Peter Cehlarik.
5:07 of 1st period - Shot Blocked by Samuel Groulx.
5:09 of 1st period - Wrist shot by Evgeny Svechnikov.
5:09 of 1st period - Goal by Evgeny Svechnikov - Wranglers : 1 - Barracuda : 0.
5:10 of 1st period - Emil Pettersson wins face-off versus Nico Sturm in neutral zone.
5:12 of 1st period - Off-side.
5:13 of 1st period - Emil Pettersson wins face-off versus Nico Sturm in neutral zone.
5:16 of 1st period - Wrist shot by William Carrier.
5:16 of 1st period - Deflect By Emil Pettersson.
5:16 of 1st period - Shot Misses the Net.
5:16 of 1st period - Puck is out of play.
5:17 of 1st period - Nico Sturm wins face-off versus Emil Pettersson in Wranglers zone.
5:24 of 1st period - Wrist shot by Peter Cehlarik.
5:24 of 1st period - Shot Blocked by Eric Gustafsson.
5:32 of 1st period - Snap shot by Peter Cehlarik.
5:32 of 1st period - Stopped by Joni Ortio without a rebound.
5:33 of 1st period - Theodor Blueger wins face-off versus Ryan Spooner in Barracuda zone.
5:33 of 1st period - Theodor Blueger is hit by Brandon Hickey.
5:49 of 1st period - Snap shot by Kurtis Macdermid.
5:49 of 1st period - Shot Misses the Net.
5:59 of 1st period - Samuel Groulx is hit by Peter Cehlarik and loses puck.
6:20 of 1st period - Cole Ully is hit by Erik Brannstrom and loses puck.
6:29 of 1st period - Wrist shot by Eric Karlsson.
6:29 of 1st period - Shot Misses the Net.
6:38 of 1st period - Off-side.
6:39 of 1st period - Kyle Platzer wins face-off versus Vladislav Kamenev in neutral zone.
6:54 of 1st period - Snap shot by Kyle Platzer.
6:54 of 1st period - Stopped by Michael Hutchinson with a rebound.
7:09 of 1st period - Brandon Hickey is hit by Mario Lucia and loses puck.
7:14 of 1st period - Snap shot by Emil Pettersson.
7:14 of 1st period - Deflect By Mario Lucia.
7:14 of 1st period - Shot Misses the Net.
7:14 of 1st period - Puck is out of play.
7:15 of 1st period - Theodor Blueger wins face-off versus Ryan Spooner in Wranglers zone.
7:24 of 1st period - Snap shot by Kurtis Macdermid.
7:24 of 1st period - Shot Blocked by Erik Brannstrom.
7:41 of 1st period - Icing by Theodor Blueger.
7:42 of 1st period - Nico Sturm wins face-off versus Emil Pettersson in Barracuda zone.
7:43 of 1st period - Snap shot by Evgeny Svechnikov.
7:43 of 1st period - Shot Blocked by Jordan Gross.
7:49 of 1st period - Snap shot by Emil Pettersson.
7:49 of 1st period - Shot Misses the Net.
7:51 of 1st period - Wrist shot by Emil Pettersson.
7:51 of 1st period - Shot Misses the Net.
7:53 of 1st period - Wrist shot by Emil Pettersson.
7:53 of 1st period - Shot Blocked by Evgeny Svechnikov.
8:09 of 1st period - Jordan Gross is hit by Evgeny Svechnikov and loses puck.
8:48 of 1st period - Slapshot by Peter Cehlarik.
8:48 of 1st period - Stopped by Joni Ortio without a rebound.
8:49 of 1st period - William Carrier wins face-off versus Barclay Goodrow in Barracuda zone.
9:24 of 1st period - Icing by Eric Gustafsson.
9:25 of 1st period - Cole Ully wins face-off versus Ryan Donato in Barracuda zone.
9:39 of 1st period - Snap shot by Cole Ully.
9:39 of 1st period - Shot Hit the Post.
9:51 of 1st period - Samuel Groulx is hit by Jesper Bratt and loses puck.
10:34 of 1st period - Minor Penalty to Peter Cehlarik for Tripping.
10:35 of 1st period - Evgeny Svechnikov wins face-off versus Emil Pettersson in Wranglers zone.
10:35 of 1st period - Evgeny Svechnikov is hit by William Carrier.
10:44 of 1st period - Snap shot by Emil Pettersson.
10:44 of 1st period - Stopped by Michael Hutchinson with a rebound.
10:46 of 1st period - Snap shot by William Carrier.
10:46 of 1st period - Deflect By Emil Pettersson.
10:46 of 1st period - Goal by Emil Pettersson - Wranglers : 1 - Barracuda : 1.
10:47 of 1st period - Emil Pettersson wins face-off versus Ryan Spooner in neutral zone.
11:33 of 1st period - Taylor Raddysh is hit by Kyle Platzer and loses puck.
11:55 of 1st period - Wrist shot by Cole Ully.
11:55 of 1st period - Stopped by Michael Hutchinson with a rebound.
12:25 of 1st period - Robin Norell is hit by Jesper Bratt and loses puck.
13:28 of 1st period - Noah Gregor is hit by Tage Thompson and loses puck.
14:26 of 1st period - Snap shot by Ryan Donato.
14:26 of 1st period - Shot Blocked by Alex Henriksson.
14:40 of 1st period - Wrist shot by Vladislav Kamenev.
14:40 of 1st period - Shot Blocked by Eric Gustafsson.
14:42 of 1st period - Slapshot by Brandon Hickey.
14:42 of 1st period - Shot Misses the Net.
14:44 of 1st period - Snap shot by Vladislav Kamenev.
14:44 of 1st period - Shot Misses the Net.
14:46 of 1st period - Slapshot by Petteri Lindbohm.
14:46 of 1st period - Shot Blocked by Samuel Groulx.
14:52 of 1st period - Slapshot by Samuel Groulx.
14:52 of 1st period - Shot Misses the Net.
15:05 of 1st period - Wrist shot by Alex Henriksson.
15:05 of 1st period - Stopped by Michael Hutchinson with a rebound.
15:24 of 1st period - Emil Pettersson is hit by Eric Karlsson and loses puck.
16:11 of 1st period - Wrist shot by Peter Cehlarik.
16:11 of 1st period - Shot Blocked by Jordan Gross.
16:13 of 1st period - Snap shot by Petteri Lindbohm.
16:13 of 1st period - Deflect By Evgeny Svechnikov.
16:13 of 1st period - Shot Misses the Net.
16:13 of 1st period - Puck is out of play.
16:14 of 1st period - Emil Pettersson wins face-off versus Ryan Spooner in Barracuda zone.
16:21 of 1st period - Snap shot by Emil Pettersson.
16:21 of 1st period - Shot Misses the Net.
17:14 of 1st period - Slapshot by Eric Gustafsson.
17:14 of 1st period - Shot Blocked by Rasmus Andersson.
17:28 of 1st period - Slapshot by Logan Stanley.
17:28 of 1st period - Shot Blocked by Barclay Goodrow.
18:00 of 1st period - Snap shot by Theodor Blueger.
18:00 of 1st period - Stopped by Michael Hutchinson with a rebound.
18:02 of 1st period - Slapshot by Kurtis Macdermid.
18:02 of 1st period - Shot Misses the Net.
18:04 of 1st period - Slapshot by Robin Norell.
18:04 of 1st period - Shot Misses the Net.
18:10 of 1st period - Slapshot by Theodor Blueger.
18:10 of 1st period - Stopped by Michael Hutchinson without a rebound.
18:11 of 1st period - Nico Sturm wins face-off versus Emil Pettersson in Wranglers zone.
18:11 of 1st period - Nico Sturm is hit by William Carrier.
18:19 of 1st period - Slapshot by Peter Cehlarik.
18:19 of 1st period - Shot Blocked by Emil Pettersson.
18:45 of 1st period - Slapshot by Theodor Blueger.
18:45 of 1st period - Stopped by Michael Hutchinson with a rebound.
18:51 of 1st period - Minor Penalty to Vitali Kravtsov for Tripping.
18:52 of 1st period - Evgeny Svechnikov wins face-off versus Emil Pettersson in Wranglers zone.
19:23 of 1st period - Snap shot by Kurtis Macdermid.
19:23 of 1st period - Shot Misses the Net.
19:41 of 1st period - Minor Penalty to Mario Lucia for Roughing.
19:42 of 1st period - Evgeny Svechnikov wins face-off versus Emil Pettersson in Barracuda zone.
19:45 of 1st period - Snap shot by Evgeny Svechnikov.
19:45 of 1st period - Goal by Evgeny Svechnikov - Wranglers : 2 - Barracuda : 1.
19:46 of 1st period - Evgeny Svechnikov wins face-off versus Emil Pettersson in neutral zone.
19:49 of 1st period - Slapshot by Frank Corrado.
19:49 of 1st period - Stopped by Joni Ortio with a rebound.
19:51 of 1st period - Slapshot by Frank Corrado.
19:51 of 1st period - Stopped by Joni Ortio with a rebound.
19:53 of 1st period - Slapshot by Frank Corrado.
19:53 of 1st period - Stopped by Joni Ortio without a rebound.
19:54 of 1st period - Emil Pettersson wins face-off versus Peter Cehlarik in Barracuda zone.
19:59 of 1st period - Peter Cehlarik is hit by William Carrier and loses puck.
Goals for this period are 2 for Wranglers vs 1 for Barracuda.
Shots for this period are 9 for Wranglers vs 8 for Barracuda.
2nd period
0:01 of 2nd period - Evgeny Svechnikov wins face-off versus Emil Pettersson in neutral zone.
0:08 of 2nd period - Slapshot by Rasmus Andersson.
0:08 of 2nd period - Shot Blocked by Eric Gustafsson.
0:14 of 2nd period - Slapshot by Emil Pettersson.
0:14 of 2nd period - Shot Misses the Net.
0:16 of 2nd period - Slapshot by Eric Gustafsson.
0:16 of 2nd period - Stopped by Michael Hutchinson with a rebound.
0:44 of 2nd period - Slapshot by Kurtis Macdermid.
0:44 of 2nd period - Stopped by Michael Hutchinson without a rebound.
0:45 of 2nd period - Evgeny Svechnikov wins face-off versus Emil Pettersson in Wranglers zone.
0:51 of 2nd period - Penalty to Vitali Kravtsov is over, Vitali Kravtsov is back on ice.
1:08 of 2nd period - Samuel Groulx is hit by Barclay Goodrow and loses puck.
1:13 of 2nd period - Wrist shot by Ryan Spooner.
1:13 of 2nd period - Stopped by Joni Ortio with a rebound.
1:15 of 2nd period - Slapshot by Erik Brannstrom.
1:15 of 2nd period - Stopped by Joni Ortio without a rebound.
1:16 of 2nd period - Ryan Spooner wins face-off versus William Carrier in Barracuda zone.
1:22 of 2nd period - Snap shot by Ryan Spooner.
1:22 of 2nd period - Stopped by Joni Ortio with a rebound.
1:24 of 2nd period - Slapshot by Ryan Spooner.
1:24 of 2nd period - Shot Misses the Net.
1:30 of 2nd period - Snap shot by Jesper Bratt.
1:30 of 2nd period - Stopped by Joni Ortio without a rebound.
1:31 of 2nd period - Emil Pettersson wins face-off versus Nico Sturm in Barracuda zone.
1:41 of 2nd period - Penalty to Mario Lucia is over, Mario Lucia is back on ice.
2:02 of 2nd period - Snap shot by William Carrier.
2:02 of 2nd period - Stopped by Michael Hutchinson with a rebound.
2:04 of 2nd period - Slapshot by Eric Gustafsson.
2:04 of 2nd period - Shot Blocked by Rasmus Andersson.
2:06 of 2nd period - Wrist shot by Emil Pettersson.
2:06 of 2nd period - Shot Misses the Net.
2:29 of 2nd period - Off-side.
2:30 of 2nd period - Nico Sturm wins face-off versus Theodor Blueger in neutral zone.
2:44 of 2nd period - Slapshot by Theodor Blueger.
2:44 of 2nd period - Shot Misses the Net.
2:46 of 2nd period - Wrist shot by Kurtis Macdermid.
2:46 of 2nd period - Stopped by Michael Hutchinson without a rebound.
2:47 of 2nd period - Ryan Donato wins face-off versus Noah Gregor in Wranglers zone.
3:00 of 2nd period - Wrist shot by Noah Gregor.
3:00 of 2nd period - Stopped by Michael Hutchinson with a rebound.
3:02 of 2nd period - Snap shot by Logan Stanley.
3:02 of 2nd period - Shot Misses the Net.
3:12 of 2nd period - Erik Brannstrom is hit by Logan Stanley and loses puck.
3:23 of 2nd period - Slapshot by Eric Gustafsson.
3:23 of 2nd period - Deflect By Erik Brannstrom.
3:23 of 2nd period - Stopped by Michael Hutchinson with a rebound.
3:35 of 2nd period - Thomas Gobeil is hit by Brandon Hickey and loses puck.
3:48 of 2nd period - Snap shot by Evgeny Svechnikov.
3:48 of 2nd period - Stopped by Joni Ortio with a rebound.
4:02 of 2nd period - Wrist shot by Cole Ully.
4:02 of 2nd period - Shot Hit the Post.
4:20 of 2nd period - Slapshot by Rasmus Andersson.
4:20 of 2nd period - Stopped by Joni Ortio with a rebound.
4:40 of 2nd period - Slapshot by Peter Cehlarik.
4:40 of 2nd period - Stopped by Joni Ortio with a rebound.
4:42 of 2nd period - Backhand shot by Rasmus Andersson.
4:42 of 2nd period - Deflect By Peter Cehlarik.
4:42 of 2nd period - Shot Blocked by Robin Norell.
4:42 of 2nd period - Puck is out of play.
4:43 of 2nd period - Theodor Blueger wins face-off versus Nico Sturm in Barracuda zone.
5:06 of 2nd period - Kurtis Macdermid is hit by Peter Cehlarik and loses puck.
5:31 of 2nd period - Jordan Gross is hit by Peter Cehlarik and loses puck.
5:50 of 2nd period - Snap shot by Theodor Blueger.
5:50 of 2nd period - Shot Blocked by Peter Cehlarik.
6:14 of 2nd period - Wrist shot by Kurtis Macdermid.
6:14 of 2nd period - Stopped by Michael Hutchinson with a rebound.
6:16 of 2nd period - Wrist shot by Kurtis Macdermid.
6:16 of 2nd period - Stopped by Michael Hutchinson with a rebound.
6:18 of 2nd period - Snap shot by Mac Hollowell.
6:18 of 2nd period - Stopped by Michael Hutchinson with a rebound.
6:20 of 2nd period - Slapshot by Mac Hollowell.
6:20 of 2nd period - Deflect By Theodor Blueger.
6:20 of 2nd period - Shot Blocked by Frank Corrado.
6:20 of 2nd period - Puck is out of play.
6:21 of 2nd period - Emil Pettersson wins face-off versus Ryan Spooner in Wranglers zone.
6:34 of 2nd period - Slapshot by Erik Brannstrom.
6:34 of 2nd period - Stopped by Joni Ortio without a rebound.
6:35 of 2nd period - Emil Pettersson wins face-off versus Ryan Spooner in Barracuda zone.
7:23 of 2nd period - Slapshot by Eric Karlsson.
7:23 of 2nd period - Shot Misses the Net.
7:25 of 2nd period - Snap shot by Petteri Lindbohm.
7:25 of 2nd period - Deflect By Ryan Donato.
7:25 of 2nd period - Shot Misses the Net.
7:25 of 2nd period - Puck is out of play.
7:26 of 2nd period - Kyle Platzer wins face-off versus Ryan Donato in Barracuda zone.
7:33 of 2nd period - Slapshot by Eric Gustafsson.
7:33 of 2nd period - Deflect By Rasmus Andersson.
7:33 of 2nd period - Stopped by Michael Hutchinson with a rebound.
7:35 of 2nd period - Snap shot by Eric Gustafsson.
7:35 of 2nd period - Shot Blocked by Rasmus Andersson.
7:37 of 2nd period - Slapshot by Samuel Groulx.
7:37 of 2nd period - Deflect By Frank Corrado.
7:37 of 2nd period - Stopped by Michael Hutchinson with a rebound.
7:39 of 2nd period - Snap shot by Nikolai Kovalenko.
7:39 of 2nd period - Shot Blocked by Taylor Raddysh.
7:41 of 2nd period - Slapshot by Samuel Groulx.
7:41 of 2nd period - Shot Misses the Net.
7:43 of 2nd period - Slapshot by Eric Gustafsson.
7:43 of 2nd period - Shot Blocked by Ryan Donato.
7:45 of 2nd period - Slapshot by Eric Gustafsson.
7:45 of 2nd period - Shot Blocked by Frank Corrado.
8:03 of 2nd period - Robin Norell is hit by Eric Karlsson and loses puck.
8:12 of 2nd period - Snap shot by Taylor Raddysh.
8:12 of 2nd period - Stopped by Joni Ortio with a rebound.
8:30 of 2nd period - Slapshot by Rasmus Andersson.
8:30 of 2nd period - Shot Misses the Net.
8:32 of 2nd period - Slapshot by Rasmus Andersson.
8:32 of 2nd period - Shot Blocked by Logan Stanley.
8:34 of 2nd period - Slapshot by Frank Corrado.
8:34 of 2nd period - Deflect By Kyle Platzer.
8:34 of 2nd period - Stopped by Joni Ortio with a rebound.
8:40 of 2nd period - Slapshot by Eric Karlsson.
8:40 of 2nd period - Stopped by Joni Ortio with a rebound.
8:42 of 2nd period - Wrist shot by Taylor Raddysh.
8:42 of 2nd period - Stopped by Joni Ortio with a rebound.
9:02 of 2nd period - Snap shot by Kyle Platzer.
9:02 of 2nd period - Shot Misses the Net.
9:37 of 2nd period - Snap shot by Ryan Donato.
9:37 of 2nd period - Shot Blocked by Logan Stanley.
9:39 of 2nd period - Slapshot by Rasmus Andersson.
9:39 of 2nd period - Shot Misses the Net.
9:41 of 2nd period - Wrist shot by Ryan Donato.
9:41 of 2nd period - Stopped by Joni Ortio with a rebound.
9:43 of 2nd period - Snap shot by Frank Corrado.
9:43 of 2nd period - Stopped by Joni Ortio with a rebound.
9:45 of 2nd period - Wrist shot by Taylor Raddysh.
9:45 of 2nd period - Shot Misses the Net.
10:01 of 2nd period - Snap shot by Taylor Raddysh.
10:01 of 2nd period - Stopped by Joni Ortio without a rebound.
10:02 of 2nd period - Nico Sturm wins face-off versus Emil Pettersson in Barracuda zone.
10:29 of 2nd period - Eric Gustafsson is hit by Ryan Spooner and loses puck.
10:42 of 2nd period - Jesper Bratt is hit by Kurtis Macdermid and loses puck.
10:53 of 2nd period - Wrist shot by Cole Ully.
10:53 of 2nd period - Stopped by Michael Hutchinson with a rebound.
11:06 of 2nd period - Minor Penalty to Vitali Kravtsov for Tripping.
11:07 of 2nd period - Evgeny Svechnikov wins face-off versus Emil Pettersson in Wranglers zone.
11:07 of 2nd period - Evgeny Svechnikov is hit by Samuel Groulx.
11:57 of 2nd period - William Carrier is hit by Barclay Goodrow and loses puck.
13:06 of 2nd period - Penalty to Vitali Kravtsov is over, Vitali Kravtsov is back on ice.
13:45 of 2nd period - Thomas Gobeil is hit by Nico Sturm and loses puck.
14:44 of 2nd period - Kurtis Macdermid is hit by Frank Corrado and loses puck.
15:27 of 2nd period - Emil Pettersson is hit by Jesper Bratt and loses puck.
17:14 of 2nd period - Icing by Samuel Groulx.
17:15 of 2nd period - Nico Sturm wins face-off versus Kyle Platzer in Barracuda zone.
17:32 of 2nd period - Slapshot by Eric Gustafsson.
17:32 of 2nd period - Shot Misses the Net.
18:03 of 2nd period - Snap shot by Peter Cehlarik.
18:03 of 2nd period - Stopped by Joni Ortio with a rebound.
18:09 of 2nd period - Nico Sturm is hit by Kurtis Macdermid and loses puck.
18:28 of 2nd period - Off-side.
18:29 of 2nd period - Emil Pettersson wins face-off versus Ryan Donato in neutral zone.
18:56 of 2nd period - Mac Hollowell is hit by Barclay Goodrow and loses puck.
19:01 of 2nd period - Snap shot by Jesper Bratt.
19:01 of 2nd period - Stopped by Joni Ortio with a rebound.
19:03 of 2nd period - Snap shot by Rasmus Andersson.
19:03 of 2nd period - Stopped by Joni Ortio with a rebound.
19:05 of 2nd period - Snap shot by Ryan Spooner.
19:05 of 2nd period - Stopped by Joni Ortio without a rebound.
19:06 of 2nd period - Nico Sturm wins face-off versus Emil Pettersson in Barracuda zone.
19:09 of 2nd period - Wrist shot by Nico Sturm.
19:09 of 2nd period - Shot Misses the Net.
19:11 of 2nd period - Snap shot by Peter Cehlarik.
19:11 of 2nd period - Shot Misses the Net.
19:13 of 2nd period - Slapshot by Rasmus Andersson.
19:13 of 2nd period - Shot Misses the Net.
19:15 of 2nd period - Wrist shot by Rasmus Andersson.
19:15 of 2nd period - Shot Misses the Net.
19:17 of 2nd period - Wrist shot by Evgeny Svechnikov.
19:17 of 2nd period - Stopped by Joni Ortio with a rebound.
19:19 of 2nd period - Slapshot by Frank Corrado.
19:19 of 2nd period - Shot Blocked by Eric Gustafsson.
19:21 of 2nd period - Slapshot by Rasmus Andersson.
19:21 of 2nd period - Shot Blocked by William Carrier.
Goals for this period are 0 for Wranglers vs 0 for Barracuda.
Shots for this period are 20 for Wranglers vs 12 for Barracuda.
3rd period
0:01 of 3rd period - Nico Sturm wins face-off versus Emil Pettersson in neutral zone.
0:17 of 3rd period - Minor Penalty to Samuel Groulx for Holding.
0:18 of 3rd period - Nico Sturm wins face-off versus Emil Pettersson in Barracuda zone.
0:22 of 3rd period - Wrist shot by Evgeny Svechnikov.
0:22 of 3rd period - Stopped by Joni Ortio without a rebound.
0:23 of 3rd period - Nico Sturm wins face-off versus Emil Pettersson in Barracuda zone.
0:51 of 3rd period - Emil Pettersson is hit by Ryan Spooner and loses puck.
1:04 of 3rd period - Barclay Goodrow is hit by Kurtis Macdermid and loses puck.
1:11 of 3rd period - Theodor Blueger is hit by Jesper Bratt and loses puck.
2:17 of 3rd period - Penalty to Samuel Groulx is over, Samuel Groulx is back on ice.
3:50 of 3rd period - Icing by Theodor Blueger.
3:51 of 3rd period - Vladislav Kamenev wins face-off versus Theodor Blueger in Barracuda zone.
3:59 of 3rd period - Minor Penalty to Erik Brannstrom for Tripping.
4:00 of 3rd period - William Carrier wins face-off versus Evgeny Svechnikov in Wranglers zone.
4:03 of 3rd period - Backhand shot by Eric Gustafsson.
4:03 of 3rd period - Shot Misses the Net.
5:59 of 3rd period - Penalty to Erik Brannstrom is over, Erik Brannstrom is back on ice.
6:41 of 3rd period - Petteri Lindbohm is hit by Cole Ully.
6:56 of 3rd period - William Carrier is hit by Vladislav Kamenev and loses puck.
7:09 of 3rd period - Nikolai Kovalenko is hit by Evgeny Svechnikov and loses puck.
7:23 of 3rd period - Icing by Nico Sturm.
7:24 of 3rd period - Theodor Blueger wins face-off versus Nico Sturm in Wranglers zone.
7:31 of 3rd period - Slapshot by Noah Gregor.
7:31 of 3rd period - Shot Misses the Net.
7:41 of 3rd period - Snap shot by Peter Cehlarik.
7:41 of 3rd period - Goal by Peter Cehlarik - Wranglers : 3 - Barracuda : 1.
7:42 of 3rd period - Ryan Spooner wins face-off versus Emil Pettersson in neutral zone.
7:45 of 3rd period - Wrist shot by Frank Corrado.
7:45 of 3rd period - Stopped by Joni Ortio with a rebound.
8:07 of 3rd period - Kurtis Macdermid is hit by Nico Sturm and loses puck.
9:16 of 3rd period - Minor Penalty to Erik Brannstrom for Tripping.
9:17 of 3rd period - Emil Pettersson wins face-off versus Peter Cehlarik in Wranglers zone.
9:52 of 3rd period - Snap shot by Barclay Goodrow.
9:52 of 3rd period - Stopped by Joni Ortio with a rebound.
9:54 of 3rd period - Snap shot by Nico Sturm.
9:54 of 3rd period - Stopped by Joni Ortio with a rebound.
11:16 of 3rd period - Penalty to Erik Brannstrom is over, Erik Brannstrom is back on ice.
11:18 of 3rd period - Erik Brannstrom is hit by Samuel Groulx and loses puck.
11:23 of 3rd period - Snap shot by Cole Ully.
11:23 of 3rd period - Stopped by Michael Hutchinson with a rebound.
11:31 of 3rd period - Jordan Gross is hit by Vitali Kravtsov and loses puck.
12:50 of 3rd period - Snap shot by Cole Ully.
12:50 of 3rd period - Shot Misses the Net.
13:25 of 3rd period - Snap shot by Erik Brannstrom.
13:25 of 3rd period - Shot Blocked by Mac Hollowell.
13:27 of 3rd period - Wrist shot by Erik Brannstrom.
13:27 of 3rd period - Shot Blocked by Mac Hollowell.
13:29 of 3rd period - Slapshot by Eric Karlsson.
13:29 of 3rd period - Stopped by Joni Ortio with a rebound.
13:51 of 3rd period - Snap shot by Ryan Spooner.
13:51 of 3rd period - Goal by Ryan Spooner - Wranglers : 4 - Barracuda : 1.
13:52 of 3rd period - Emil Pettersson wins face-off versus Nico Sturm in neutral zone.
13:55 of 3rd period - Slapshot by Samuel Groulx.
13:55 of 3rd period - Shot Blocked by Frank Corrado.
14:17 of 3rd period - Frank Corrado is hit by Kurtis Macdermid and loses puck.
14:28 of 3rd period - Snap shot by Kurtis Macdermid.
14:28 of 3rd period - Shot Blocked by Rasmus Andersson.
14:37 of 3rd period - Icing by Robin Norell.
14:38 of 3rd period - Emil Pettersson wins face-off versus Vladislav Kamenev in Barracuda zone.
14:38 of 3rd period - Emil Pettersson is hit by Petteri Lindbohm.
14:52 of 3rd period - Snap shot by William Carrier.
14:52 of 3rd period - Deflect By Emil Pettersson.
14:52 of 3rd period - Shot Misses the Net.
14:52 of 3rd period - Puck is out of play.
14:53 of 3rd period - Nico Sturm wins face-off versus Theodor Blueger in Wranglers zone.
14:53 of 3rd period - Nico Sturm is hit by Thomas Gobeil.
14:56 of 3rd period - Minor Penalty to Peter Cehlarik for Tripping.
14:57 of 3rd period - Emil Pettersson wins face-off versus Evgeny Svechnikov in Wranglers zone.
14:59 of 3rd period - Snap shot by Eric Gustafsson.
14:59 of 3rd period - Stopped by Michael Hutchinson without a rebound.
15:00 of 3rd period - Evgeny Svechnikov wins face-off versus Emil Pettersson in Wranglers zone.
15:00 of 3rd period - Evgeny Svechnikov is hit by Mario Lucia.
15:27 of 3rd period - Slapshot by Theodor Blueger.
15:27 of 3rd period - Stopped by Michael Hutchinson with a rebound.
15:29 of 3rd period - Snap shot by Theodor Blueger.
15:29 of 3rd period - Stopped by Michael Hutchinson without a rebound.
15:30 of 3rd period - Evgeny Svechnikov wins face-off versus Theodor Blueger in Wranglers zone.
15:47 of 3rd period - Snap shot by Theodor Blueger.
15:47 of 3rd period - Shot Blocked by Barclay Goodrow.
15:53 of 3rd period - Snap shot by Theodor Blueger.
15:53 of 3rd period - Stopped by Michael Hutchinson without a rebound.
15:54 of 3rd period - Evgeny Svechnikov wins face-off versus Emil Pettersson in Wranglers zone.
16:56 of 3rd period - Penalty to Peter Cehlarik is over, Peter Cehlarik is back on ice.
18:02 of 3rd period - Off-side.
18:03 of 3rd period - Noah Gregor wins face-off versus Ryan Spooner in neutral zone.
18:08 of 3rd period - Slapshot by Cole Ully.
18:08 of 3rd period - Deflect By Rasmus Andersson.
18:08 of 3rd period - Stopped by Michael Hutchinson with a rebound.
18:10 of 3rd period - Slapshot by Jaedon Descheneau.
18:10 of 3rd period - Stopped by Michael Hutchinson without a rebound.
18:11 of 3rd period - Nico Sturm wins face-off versus Noah Gregor in Wranglers zone.
18:38 of 3rd period - Slapshot by Rasmus Andersson.
18:38 of 3rd period - Deflect By Ryan Donato.
18:38 of 3rd period - Shot Blocked by Cole Ully.
18:38 of 3rd period - Puck is out of play.
18:39 of 3rd period - Ryan Donato wins face-off versus Emil Pettersson in Barracuda zone.
18:42 of 3rd period - Wrist shot by Eric Karlsson.
18:42 of 3rd period - Shot Misses the Net.
18:44 of 3rd period - Snap shot by Taylor Raddysh.
18:44 of 3rd period - Shot Misses the Net.
18:46 of 3rd period - Slapshot by Taylor Raddysh.
18:46 of 3rd period - Stopped by Joni Ortio without a rebound.
18:47 of 3rd period - Ryan Spooner wins face-off versus Emil Pettersson in Barracuda zone.
19:18 of 3rd period - Wrist shot by Theodor Blueger.
19:18 of 3rd period - Stopped by Michael Hutchinson with a rebound.
19:24 of 3rd period - Slapshot by Eric Gustafsson.
19:24 of 3rd period - Deflect By Erik Brannstrom.
19:24 of 3rd period - Stopped by Michael Hutchinson without a rebound.
19:25 of 3rd period - Ryan Spooner wins face-off versus Noah Gregor in Wranglers zone.
19:32 of 3rd period - Snap shot by Jesper Bratt.
19:32 of 3rd period - Stopped by Joni Ortio without a rebound.
19:33 of 3rd period - Noah Gregor wins face-off versus Ryan Spooner in Barracuda zone.
19:49 of 3rd period - Snap shot by Jesper Bratt.
19:49 of 3rd period - Stopped by Joni Ortio without a rebound.
19:50 of 3rd period - Nico Sturm wins face-off versus Emil Pettersson in Barracuda zone.
19:59 of 3rd period - Snap shot by William Carrier.
19:59 of 3rd period - Stopped by Michael Hutchinson without a rebound.
Goals for this period are 2 for Wranglers vs 0 for Barracuda.
Shots for this period are 10 for Wranglers vs 10 for Barracuda.
Output by the SimonT Hockey Simulator (STHS) for Francois Prevost